AoeStats
← KnightOfHonor

Glade

510615237Analyzed
1v1 RM · 21h ago on Oct 1, 2026· 37m 1s· 2 players
Game mode
Random Map
Map size
Tiny (2 player)
Population
200
Speed
Normal
Resources
Standard
Victory
Conquest
Starting age
Dark Age
Ending age
Imperial Age
RankedLock teamsTeams togetherTeam positionsShared explorationLock speedFull tech treeHidden civsTurbo modeCheats
Victory
Defeat
🇺🇸 Saxons · United States
763
+17
🇫🇷 Japanese · France
777
-17
KnightOfHonor
2:13 Loom
11:52 Feudal Age
13:32 Double-Bit Axe
18:17 Castle Age
16:28 Horse Collar
18:29 Stone Mining
18:34 Gold Mining
18:40 Town Watch
18:59 Fletching
23:20 Ballistics
23:46 Murder Holes
24:43 Bodkin Arrow
24:59 Forging
24:50 Scale Mail Armor
25:54 Treadmill Crane
27:03 Gold Shaft Mining
27:43 Wheelbarrow
28:10 Chain Mail Armor
28:24 Squires
28:12 Arson
28:24 Gambesons
29:53 Iron Casting
33:45 Heavy Plow
38:12 Imperial Age
36:28 Hand Cart
36:13 Town Patrol
35:55 Pikeman
Ombrias
7:20 Loom
9:45 Feudal Age
16:46 Castle Age
16:27 Double-Bit Axe
21:18 Pikeman
27:11 Scale Barding Armor
26:57 Fletching
27:08 Padded Archer Armor
30:40 Imperial Age
29:04 Thumb Ring
28:50 Fletching
29:06 Scale Barding Armor
29:20 Leather Archer Armor
30:11 Stone Mining
30:11 Gold Mining
30:24 Gold Mining
30:32 Bodkin Arrow
30:58 Chain Barding Armor
31:44 Wheelbarrow
32:18 Ballistics
32:06 Cavalier
32:58 Bloodlines
32:49 Husbandry
Connection lost

Rejoining the realm…

Still unreachable

The connection could not be restored.

Session expired

The server has moved on; the page needs a fresh start.